 Dungeon Crawl Stone Soup version 0.22.0-6-g71bd7aa6b3 (webtiles) character file.

65 Flugkiller the Ducker (level 3, -6/22 HPs)
             Began as a Deep Elf Abyssal Knight on Aug 14, 2018.
             Was a Follower of Lugonu.
             Killed by divine providence
             ... invoked by an orc priest
              (16 damage)
             ... on level 3 of the Dungeon.
             The game lasted 00:02:21 (1894 turns).

Flugkiller the Ducker (Deep Elf Abyssal Knight)     Turns: 1894, Time: 00:02:21

Health: -6/22      AC: 11    Str: 10    XL:     3   Next: 92%
Magic:  6/6        EV: 12    Int: 16    God:    Lugonu [*.....]
Gold:   156        SH:  5    Dex: 14    Spells: 2/2 levels left

rFire    . . .     SeeInvis .   d - +2 short sword (protect)
rCold    . . .     Gourm    .   i - +2 buckler
rNeg     . . .     Faith    .   b - +0 leather armour
rPois    .         Spirit   .   (no helmet)
rElec    .         Reflect  .   (no cloak)
rCorr    .         Harm     .   (no gloves)
MR       .....                  l - +0 pair of boots
Stlth    +.........             p - amulet of magic regeneration
HPRegen  0.07/turn              (no ring)
MPRegen  0.35/turn              (no ring)

@: protection aura
A: no striking features
a: Depart the Abyss, Renounce Religion


You were on level 3 of the Dungeon.
You worshipped Lugonu.
Lugonu was aware of your devotion.
You were not hungry.

You visited 1 branch of the dungeon, and saw 3 of its levels.
You visited the Abyss 1 time.

You collected 156 gold pieces.

Inventory:

Hand Weapons
 a - a +1 falchion
 d - a +2 short sword of protection (weapon)
Missiles
 r - 25 arrows
Armour
 b - a +0 leather armour (worn)
 i - a +2 buckler (worn)
 l - a +0 pair of boots (worn)
Jewellery
 o - a cursed ring of protection from cold {unknown}
 p - an amulet of magic regeneration (around neck)
Scrolls
 e - 2 scrolls of identify {unknown}
 g - 3 scrolls of magic mapping {unknown}
 k - 3 scrolls of remove curse {unknown}
 n - a scroll of amnesia {unknown}
Potions
 f - a potion of curing {unknown}
 h - a potion of haste {unknown}
 j - 3 potions of mutation {unknown}
 m - 2 potions of berserk rage {unknown}
 s - a potion of lignification {unknown}
Comestibles
 c - 6 rations
 q - 3 chunks of flesh


   Skills:
 + Level 2.8 Fighting
 * Level 2.8 Long Blades
 - Level 0.7 Armour
 + Level 3.1 Dodging
 + Level 2.6 Invocations


You had 2 spell levels left.
You didn't know any spells.
Your spell library contained the following spells:

 Spells                   Type           Power        Failure   Level  Hunger
 Confuse                  Hex            #.......     86%         3    ####...
 Confusing Touch          Hex            #.....       50%         1    ##.....
 Metabolic Englaciation   Hex/Ice        #.........   100%        5    ######.
 Petrify                  Tmut/Erth      #.......     99%         4    #####..
 Gell's Gravitas          Tloc           #.........   86%         3    ####...
 Yara's Violent Unravell  Hex/Tmut       #.........   100%        5    ######.


Dungeon Overview and Level Annotations

Branches:
Dungeon (3/15)

Altars:
Dithmenos
Vehumet


Message History

You hit the orc priest but do no damage.
Your weapon exudes an aura of protection.
The orc misses you. The orc priest completely misses you.
You barely miss the orc priest. The orc barely misses you.
The orc priest misses you.
You hit the orc priest but do no damage.
The orc misses you. The orc priest closely misses you.
You hit the orc priest.
The orc priest is heavily wounded.
The orc hits you but does no damage. The orc priest hits you.
You hit the orc priest.
The orc priest is severely wounded.
The orc misses you. You block the orc priest's attack.
You closely miss the orc priest.
The orc priest is severely wounded.
The orc hits you but does no damage.
The orc priest invokes the aid of Beogh against you.
Beogh smites you!
Ouch! That really hurt!
You die...

#.###....## ##.#
#.........# #.#
##...####.### #.###
#<### #...###
#...### #.# ##....#
###...# #.#
##.#.#### ###.###
#.# #......####
#..... #.#
##..#.....#####.....
..#
##@oo......[##.....
.##
###o.....##........
.
#..o.....#####.....
#...##.....# #.....
#o####.....# #.....


#oo ....#### #..... ... .....# #..... #... .....# ###### ### .....# You could
see an orc priest and 3 orcs.

Vanquished Creatures
  2 adders (D:2)
  An ooze (D:3)
  A worm (D:2)
  A dart slug (D:2)
  3 leopard geckos
  An orc (D:3)
  A ball python (D:1)
  2 giant cockroaches
  4 goblins
  5 hobgoblins
  3 bats
  2 frilled lizards (D:1)
  4 kobolds (D:1)
  A quokka skeleton (D:2)
  2 rats (D:2)
33 creatures vanquished.

Notes
Turn   | Place    | Note
-------+----------+-------------------------------------------
     0 | Abyss:1  | Flugkiller the Deep Elf Abyssal Knight began the quest for the Orb.
     0 | Abyss:1  | Reached XP level 1. HP: 13/13 MP: 4/4
    41 | Abyss:1  | Noticed an ancient zyme
    51 | D:1      | Escaped the Abyss
   261 | D:1      | Reached * piety under Lugonu
   310 | D:1      | Reached XP level 2. HP: 9/18 MP: 5/5
  1134 | D:2      | Reached XP level 3. HP: 17/22 MP: 6/6
  1323 | D:2      | Reached skill level 3 in Dodging
  1376 | D:2      | Found a shadowy altar of Dithmenos.
  1773 | D:3      | Found a radiant altar of Vehumet.
  1894 | D:3      | Killed from afar by an orc priest

Skill      XL: |  1  2  3 |
---------------+----------+-----
Long Blades    | 2 |  2.8
Dodging        | 3 |  3.1
Fighting       | |  2.8
Armour         | |  0.7
Invocations    | |  2.6

Action                   || total
-------------------------++-------
Melee: Short sword       ||   128
       Falchion          ||     5
Invok: Depart the Abyss  ||     1
 Stab: Sleeping          ||     1
  Eat: Chunk             ||     3
Armor: Leather armour    ||    37
Dodge: Dodged            ||    80
Block: Buckler           ||    19
       Rpst.: Falchion   ||     1
